 Dungeon Crawl Stone Soup version 0.25.1-8-g42b30a86e7 (webtiles) character file.

Game seed: 10011349780433647558

190 hawla the Conjurer (level 5, -3/57 HPs)
             Began as a Draconian Conjurer on Dec 19, 2020.
             Slain by a centaur (5 damage)
             ... on level 4 of the Dungeon.
             The game lasted 00:07:34 (3992 turns).

hawla the Conjurer (Draconian Conjurer)             Turns: 3992, Time: 00:07:35

Health: -3/57      AC:  5    Str: 10    XL:     5   Next: 41%
Magic:  9/9        EV: 12    Int: 17    God:
Gold:   95         SH:  0    Dex: 11    Spells: 3/10 levels left

rFire    . . .     SeeInvis .   l - +0 quarterstaff
rCold    . . .     Gourm    .   (shield currently unavailable)
rNeg     . . .     Faith    .   (armour unavailable)
rPois    .         Spirit   .   (helmet restricted)
rElec    .         Reflect  .   (no cloak)
rCorr    .         Harm     .   (no gloves)
MR       .....                  (no boots)
Stlth    ..........             (no amulet)
HPRegen  0.19/turn              (no ring)
MPRegen  0.11/turn              (no ring)

@: berserking, very quick
A: unfitting armour, cold-blooded, AC +5
a: no special abilities


You were on level 4 of the Dungeon.
You were not hungry.

You visited 1 branch of the dungeon, and saw 4 of its levels.

You collected 95 gold pieces.

Inventory:

Hand Weapons
 l - a +0 quarterstaff (weapon)
Missiles
 k - 13 poisoned darts (quivered)
Scrolls
 a - 6 scrolls of magic mapping
 d - 2 scrolls of amnesia
 h - 2 scrolls of enchant weapon
 j - 2 scrolls of teleportation
Potions
 c - 2 potions of ambrosia {unknown}
 e - 2 potions of curing {unknown}
 i - a potion of might {unknown}
 m - a potion of heal wounds {unknown}
Comestibles
 b - 8 rations
 g - 3 chunks of flesh


   Skills:
 - Level 1.7 Dodging
 - Level 1.7 Stealth
 + Level 3.2 Spellcasting
 + Level 5.5 Conjurations
 * Level 2.3 Translocations


You had 3 spell levels left.
You knew the following spells:

 Your Spells              Type           Power        Failure   Level  Hunger
a - Magic Dart            Conj           ###.         1%          1    None
b - Searing Ray           Conj           ###...       2%          2    ##.....
c - Iskenderun's Mystic   Conj/Tloc      ###.....     34%         4    ####...

Your spell library contained the following spells:

 Spells                   Type           Power        Failure   Level  Hunger
 Dazzling Flash           Conj/Hex       ##....       17%         3    ###....
 Gell's Gravitas          Tloc           ##........   21%         3    ###....
 Confusing Touch          Hex            #.......     45%         3    ###....
 Fulminant Prism          Conj/Hex       ##........   50%         4    ####...
 Petrify                  Tmut/Erth      #.......     86%         4    ####...
 Metabolic Englaciation   Hex/Ice        #.........   99%         5    ######.
 Yara's Violent Unravell  Hex/Tmut       #.........   99%         5    ######.


Dungeon Overview and Level Annotations

Branches:
Dungeon (4/15)
 Temple: D:4-7

Altars:
The Shining One


Innate Abilities, Weirdness & Mutations

Your plain brown scales are hard. (AC +5)
You cannot fit into any form of body armour.
You are cold-blooded and may be slowed by cold attacks.


Message History

The centaur completely misses you. The centaur closely misses you.
You sock the centaur!
The centaur is almost dead.
The centaur hits you!
* * * LOW HITPOINT WARNING * * *
The centaur closely misses you. The centaur barely misses you.
The centaur hits you.
* * * LOW HITPOINT WARNING * * *
You closely miss the centaur.
The centaur is almost dead.
The centaur misses you. The centaur hits you.
* * * LOW HITPOINT WARNING * * *
Unknown command.
You hit the centaur.
The centaur is almost dead.
The centaur hits you but does no damage.
The centaur hits you.
* * * LOW HITPOINT WARNING * * *
The centaur hits you.
You die...

# .. .. ... .# ##.
#.# .# #####.. #.#..
...$..###.#.#
##.##..##.#.# .#
#...##......#....
#.#$##c.#.(.........
#....:c@((##.###..#
..#..##.#.##.# #..#
# ..##.##.# #..# #.#
..##.# #..# ...
.###.# #..# ### ..
#.# #..###### #.
#.###........ #.
#.##...######
#>.........).


You could see 2 centaurs.

Vanquished Creatures
  A hound (D:3)
  Ijyb (D:4)
  6 adders
  A gnoll (D:3)
  2 worms (D:4)
  4 leopard geckos
  5 orcs (D:3)
  3 giant cockroaches
  8 goblins
  5 hobgoblins
  3 jackals (D:2)
  7 kobolds
  A quokka (D:3)
  2 bats (D:3)
  A frilled lizard (D:3)
  4 rats
54 creatures vanquished.

Notes
Turn   | Place    | Note
-------+----------+-------------------------------------------
     0 | D:1      | hawla the Draconian Conjurer began the quest for the Orb.
     0 | D:1      | Reached XP level 1. HP: 14/14 MP: 3/3
   790 | D:2      | Reached XP level 2. HP: 20/20 MP: 0/5
   884 | D:2      | Learned a level 2 spell: Searing Ray
  1140 | D:2      | Reached XP level 3. HP: 26/26 MP: 2/6
  1973 | D:2      | Reached skill level 5 in Conjurations
  2177 | D:2      | Reached XP level 4. HP: 33/33 MP: 0/8
  2258 | D:2      | Learned a level 4 spell: Iskenderun's Mystic Blast
  2639 | D:3      | Reached skill level 1 in Translocations
  3072 | D:3      | Reached XP level 5. HP: 38/38 MP: 3/9
  3609 | D:3      | Found a glowing golden altar of the Shining One.
  3816 | D:4      | Noticed Ijyb
  3817 | D:4      | Paralysed by Ijyb for 3 turns
  3824 | D:4      | Paralysed by Ijyb for 7 turns
  3835 | D:4      | Killed Ijyb
  3984 | D:4      | Noticed a centaur
  3984 | D:4      | Noticed a centaur
  3992 | D:4      | HP: 2/57 [centaur (3)]
  3992 | D:4      | Slain by a centaur

Illustrated notes

Levels and vault maps discovered:
D:1:      dpeg_arrival_snail, layout_loops_ring, kennysheep_nondescript
D:2:      layout_basic
D:3:      minmay_inner_zag, layout_loops_corners, first_ration,
          hangedman_glass_teeth, nicolae_tso_swordbearing_angel
D:4:      layout_loops_ring, ashenzari_conservatory_becter,
          minmay_temple_entry_large_hall, minmay_manual_mares, uniq_ijyb,
          uniq_grinder

Skill      XL: |  1  2  3  4  5 |
---------------+----------------+-----
Conjurations   | 5 |  5.5
Translocations | 1 2 |  2.3
Spellcasting   | 3 |  3.2
Dodging        | |  1.7
Stealth        | |  1.7

Action                   |  1- 3 |  4- 6 || total
-------------------------+-------+-------++-------
Melee: Unarmed           |    12 |     2 ||    14
       Tailslap          |     2 |       ||     2
       Quarterstaff      |       |    12 ||    12
 Cast: Magic Dart        |    43 |    26 ||    69
       Searing Ray       |    10 |    16 ||    26
  Use: Scroll            |     5 |     2 ||     7
       Potion            |       |     1 ||     1
  Eat: Chunk             |     5 |     6 ||    11
Armor: Skin              |     4 |    10 ||    14
Dodge: Dodged            |    14 |    17 ||    31
